Map: Tours du crépuscule

Players

zidar

  • Race: Zerg Zerg
  • League: Silver
  • Spawn Location: 1:00

Specx - Winner!

  • Race: Protoss Protoss
  • Spawn Location: 7:00

VOD

Have the link to the VOD?

Description

Time

  • Played on: Jan. 10, 2016, 2:27 p.m.
  • Length: 9:35
Show
View Real Time Build Order
Export as new Build Order

zidar Zerg 

Build Orders: Pool First 

Get SALT Encoding   

  12  0:02  Drone  
  13  0:12  Overlord  
  13  0:17  Drone  
  14  0:30  Drone x2  
  14  0:34  Drone  
  17  0:49  Spawning Pool  
  16  0:50  Drone  
  17  1:16  Hatchery  
  17  1:17  Drone  
  17  1:47  Drone  
  18  1:51  Extractor  
  18  1:53  Queen, Hatchery  
  18  1:59  Drone  
  19  2:02  Drone  
  19  2:06  Drone  
  21  2:12  Overlord  
  21  2:38  Drone x3  
  21  2:40  Queen  
  26  2:51  Queen  
  27  3:15  Zergling x6  
  27  3:16  Zergling x4  
  32  3:33  Queen  
  34  3:35  Metabolic Boost  
  34  3:42  Roach Warren, Drone x4  
  37  4:06  Extractor  
  36  4:10  Drone x5  
  41  4:23  Drone  
  42  4:25  Overlord x2  
  42  4:26  Overlord x2  
  40  5:01  Drone x6  
  40  5:06  Roach x3  
  40  5:07  Roach x4  
  60  5:17  Overlord  
  60  5:19  Drone x4  
  64  5:24  Lair  
  64  5:35  Extractor  
  62  5:45  Spore Crawler  
  61  5:50  Spore Crawler  
  61  5:56  Spore Crawler  
  59  6:07  Ravager  
  59  6:08  Ravager x2  
  51  6:38  Queen  
  53  7:07  Drone x2  
  53  7:08  Drone x5  
  60  7:09  Drone x5  
  60  7:10  Drone x4  
  60  7:14  Drone  
  60  7:15  Drone x3  
  73  7:21  Overlord x2  
  73  7:22  Overlord x3  
  73  7:31  Evolution Chamber  
  72  7:39  Evolution Chamber  
  72  7:43  Hydralisk Den  
  70  7:50  Drone x2, Infestation Pit  
  70  7:51  Drone x11  
  74  8:14  Roach  
  74  8:15  Roach x6  
  63  8:33  Roach  
  80  8:34  Roach x8  
  78  8:46  Roach  
  78  8:47  Roach x3  
  82  9:02  Roach x3  
  87  9:03  Roach x2  
  79  9:14  Roach  
  79  9:15  Roach  
Show
View Real Time Build Order
Export as new Build Order

Specx Protoss - Winner!

Build Orders: 1 Gate Expand 

Get SALT Encoding   

  12  0:02  Probe (Chrono Boost)  
  13  0:12  Probe (Chrono Boost)  
  14  0:20  Pylon  
  14  0:23  Probe (Chrono Boost)  
  15  0:42  Gateway  
  15  0:44  Probe (Chrono Boost)  
  16  0:55  Probe (Chrono Boost)  
  17  1:09  Probe (Chrono Boost)  
  18  1:16  Nexus  
  18  1:33  Cybernetics Core  
  18  1:38  Assimilator  
  18  1:39  Assimilator  
  18  2:00  Probe (Chrono Boost)  
  19  2:10  Probe (Chrono Boost)  
  19  2:12  Adept (Chrono Boost)  
  22  2:21  Probe  
  23  2:24  Warp Gate (Chrono Boost)  
  23  2:33  Probe x2  
  25  2:41  Pylon  
  25  2:44  Probe  
  25  2:45  Gateway x2  
  25  2:49  Mothership Core  
  28  2:54  Probe  
  29  3:10  Probe x2  
  31  3:21  Stargate, Adept (Chrono Boost)  
  31  3:22  Probe x2  
  35  3:34  Probe  
  35  3:37  Gateway  
  35  3:47  Probe  
  36  3:49  Probe  
  37  3:59  Probe, Pylon  
  37  4:01  Probe  
  37  4:02  Pylon  
  39  4:09  Twilight Council  
  39  4:11  Probe  
  39  4:13  Probe  
  39  4:15  Assimilator  
  41  4:18  Assimilator  
  41  4:23  Probe  
  42  4:25  Probe  
  43  4:35  Probe  
  43  4:37  Probe  
  45  4:45  Adept x3  
  49  4:46  Adept  
  49  4:47  Probe  
  49  4:51  Probe  
  51  4:57  Resonating Glaives  
  51  4:59  Probe  
  52  5:03  Probe  
  52  5:04  Oracle (Chrono Boost)  
  56  5:11  Probe  
  57  5:15  Probe  
  57  5:17  Pylon  
  57  5:19  Pylon  
  58  5:24  Gateway  
  58  5:27  Pylon  
  58  5:28  Gateway  
  58  5:29  Gateway  
  58  5:31  Robotics Facility  
  58  5:56  Adept x3  
  64  5:57  Adept  
  66  6:35  Adept x3  
  66  6:36  Adept  
  74  6:40  Warp Prism  
  73  7:04  Gateway, Adept x2  
  73  7:05  Adept x2, Gateway  
  73  7:06  Adept  
  73  7:07  Gateway  
  73  7:08  Gateway  
  83  7:13  Nexus  
  83  7:45  Forge  
  83  7:48  Forge  
  83  7:50  Pylon  
  83  7:52  Adept, Pylon  
  83  7:55  Pylon  
  85  8:11  Adept x4  
  85  8:12  Adept x2  
  83  8:27  Adept  
  83  8:43  Adept x4  
  83  8:44  Adept x3  
  95  9:02  Adept x2  
  93  9:03  Adept x2  
  91  9:16  Adept x3  
  91  9:17  Adept x3  
Tags
 
Add a new tag
Caveats
  • Supply blocks, unpowered buildings, or Contaminate may cause inaccurate times.
  • Supply counts are checked every 10 seconds.